 Dungeon Crawl Stone Soup version 0.27-a0-1123-g2f9bb313c0 (webtiles) character file.

Game seed: 5077561909962579988

134 jasper the Insei (level 4, -3/32 (34) HPs)
             Began as a Demonspawn Transmuter on May 4, 2021.
             Succumbed to Crazy Yiuf's poison
             ... on level 2 of the Dungeon.
             The game lasted 00:04:07 (3247 turns).

jasper the Insei (Demonspawn Transmuter)            Turns: 3247, Time: 00:04:08

HP:   -3/32 (34)    AC:  2    Str: 10    XL:     4   Next: 95%
MP:   4/7           EV: 19    Int: 15    God:
Gold: 72            SH:  0    Dex: 19    Spells: 1/7 levels left

rFire    . . .     SeeInvis .     - Unarmed
rCold    . . .     Faith    .   (shield currently unavailable)
rNeg     . . .     Spirit   .   (armour currently unavailable)
rPois    x         Reflect  .   (helmet currently unavailable)
rElec    .         Harm     .   (cloak currently unavailable)
rCorr    .         Rampage  .   (gloves currently unavailable)
Will     .....                  (boots currently unavailable)
Stlth    ++........             (no amulet)
HPRegen  0.10/turn              (no ring)
MPRegen  0.10/turn              (no ring)

@: lethally poisoned (-3 -> -30), spider-form (expiring), drained
A: venomous fangs, tiny, (talons 1)
a: End Transformation


You were on level 2 of the Dungeon.
You were a venomous arachnid creature.
You visited 1 branch of the dungeon, and saw 2 of its levels.

You collected 72 gold pieces.

Inventory:

Armour
 a - a +0 robe (melded)
 c - a +1 helmet (melded)
Jewellery
 b - an amulet of the acrobat
Scrolls
 d - 3 scrolls of enchant weapon


   Skills:
 + Level 2.8 Fighting
 - Level 1.7 Dodging
 + Level 3.7 Unarmed Combat
 - Level 2.0 Spellcasting
 + Level 3.0 Transmutations


You had one spell level left.
You knew the following spells:

 Your Spells              Type           Power      Damage    Failure   Level
a - Beastly Appendage     Tmut           20%        N/A       17%         1
b - Wereblood             Tmut           10%        N/A       24%         2
c - Spider Form           Tmut/Pois      3%         N/A       56%         3

Your spell library contained the following spells:

 Spells                   Type           Power      Damage    Failure   Level
 Ice Form                 Ice/Tmut       6%         N/A       89%         4
 Hydra Form               Tmut           5%         N/A       96%         5


Dungeon Overview and Level Annotations

Branches:
Dungeon (2/15)

Altars:
Yredelemnul

Shops:
D:2 *

Annotations:
D:2 Crazy Yiuf


Innate Abilities, Weirdness & Mutations

You are a venomous arachnid creature.
You have poisonous fangs.
You are tiny and dextrous.
Your spellcasting is less reliable in this form.
Your armour is entirely melded.
You are incapable of wielding weapons or throwing items.
((You have sharp toenails.))


Message History

Casting: Spider Form (quite dangerous; 34% risk of failure)
Confirm with . or Enter, or press ? or * to list all spells.
The spell is quite dangerous to cast (34% risk of failure)!
Continue anyway?
You miscast Spider Form.
You are very lightly contaminated with residual magic.
Nothing appears to happen.
You now have 4/7 mp.
You start resting.
Crazy Yiuf laughs, "Fire!"
Your magical contamination has completely faded away.
You start resting.
Crazy Yiuf says, "Aardvark blue action!"
Crazy Yiuf says, "Dawk koolooloo water!"
Crazy Yiuf cries, "Castle foot down!"
Crazy Yiuf grits, "Flower!
Fluff snockshim pontify."
Crazy Yiuf screams, "Snower tired action!"
Magic restored.
MP restored: 7
Casting: Spider Form (quite dangerous; 34% risk of failure)
Confirm with . or Enter, or press ? or * to list all spells.
The spell is quite dangerous to cast (34% risk of failure)!
Continue anyway?
You turn into a venomous arachnid creature.
Your +1 helmet melds into your body.
Your +0 robe melds into your body.
You now have 4/7 mp.
You open the door. You completely miss Crazy Yiuf.
Crazy Yiuf hits you with a +4 quarterstaff of chaos!
You feel drained.
You take 13 damage, and have 21/32 hp.
MASSIVE DAMAGE!!
You barely miss Crazy Yiuf.
Your transformation is almost over.
Crazy Yiuf hits you with a +4 quarterstaff of chaos!
You are lethally poisoned!
You take 11 damage, and have 10/32 hp.
MASSIVE DAMAGE!!
You bite Crazy Yiuf!
Crazy Yiuf is poisoned.
Crazy Yiuf is heavily wounded.
* * * LOW HITPOINT WARNING * * *
You feel extremely sick.
You take 7 damage, and have 3/32 hp.
MASSIVE DAMAGE!!
You die...

............#
.#..........#
.#..........# #####
.#..........# #..)#
.#..........# #...#
.#....##.[..# ...
.#....##....# #g#
......##....# ♣♣.♣
#.##.###....# ♣s♣♣
#.##.# #....# ♣♣.♣
#.##.###....# ♣.♣♣
#..#.##.....# ♣♣.♣♣
......#.....# ♣...♣♣
##....#.....# ♣..♣.♣
###...#.....# #....#
###.........###....#
......##...........#


You could see Crazy Yiuf (very poisoned).

Vanquished Creatures
  Natasha (thrice) (D:2)
  4 bats
  6 endoplasms
  2 giant cockroaches (D:2)
  8 goblins
  7 hobgoblins
  8 jackals (D:1)
  A quokka (D:1)
  3 ball pythons
  3 frilled lizards
  2 kobolds (D:1)
  7 rats
54 creatures vanquished.

Notes
Turn   | Place    | Note
-------+----------+-------------------------------------------
     0 | D:1      | jasper the Demonspawn Transmuter began the quest for the
                  | Orb.
     0 | D:1      | Reached XP level 1. HP: 15/15 MP: 3/3
     3 | D:1      | Noticed a troll
     3 | D:1      | Noticed a centaur
    16 | D:1      | Noticed a spriggan
   393 | D:1      | Gained mutation: You have sharp toenails. [demonic
                  | ancestry]
   393 | D:1      | Reached XP level 2. HP: 18/21 MP: 5/5
   396 | D:1      | Learned a level 2 spell: Wereblood
  1301 | D:1      | Reached XP level 3. HP: 27/27 MP: 6/6
  1305 | D:1      | Learned a level 3 spell: Spider Form
  1799 | D:2      | Noticed Natasha
  2083 | D:2      | Killed Natasha
  2090 | D:2      | Reached XP level 4. HP: 28/33 MP: 4/7
  2244 | D:2      | Found a basalt altar of Yredelemnul.
  2257 | D:2      | Found Osouch's General Store.
  2326 | D:2      | Found a runed translucent door.
  2327 | D:2      | Noticed Crazy Yiuf
  2462 | D:2      | Noticed Natasha
  2476 | D:2      | Killed Natasha
  2690 | D:2      | Noticed Natasha
  2697 | D:2      | Killed Natasha
  3247 | D:2      | Succumbed to Crazy Yiuf's poison

Illustrated notes

Levels and vault maps discovered:
D:1:      shiori_arrival_whats_in_store_for_you, layout_loops_corners
D:2:      layout_basic, basic_altar, serial_shops, nicolae_shop_behind_doors,
          uniq_crazy_yiuf_cottage, uniq_natasha

Skill      XL: |  1  2  3  4 |
---------------+-------------+-----
Transmutations | 2 3 |  3.0
Unarmed Combat | 3 |  3.7
Fighting       | 2 |  2.8
Dodging        | |  1.7
Spellcasting   | |  2.0

Action                   |  1- 3 |  4- 6 || total
-------------------------+-------+-------++-------
Melee: Unarmed           |   128 |    58 ||   186
       Headbutt          |     3 |       ||     3
       Kick              |    21 |     6 ||    27
       Punch             |     3 |       ||     3
 Cast: Beastly Appendage |     4 |       ||     4
       Wereblood         |     8 |     1 ||     9
       Spider Form       |     1 |     3 ||     4
  Use: Scroll            |     3 |       ||     3
 Stab: Sleeping          |       |     2 ||     2
Armor: Robe              |    32 |    10 ||    42
       Skin              |     1 |       ||     1
Dodge: Dodged            |   102 |    33 ||   135

Table legend: (Time is in decaauts)
 A = Elapsed time spent in this place.
 B = Non-inter-level travel time spent in this place.
 C = Inter-level travel time spent in this place.
 D = Time resting spent in this place.
 E = Time spent auto-exploring this place.
 F = Levels seen in this place.
 G = Mean time per level.
                   A        B        C        D        E       F      G
               +--------+--------+--------+--------+--------+-----+--------+
         Total |   3234 |   3213 |     21 |    509 |   2229 |   2 | 1617.0 |
       Dungeon |   3234 |   3213 |     21 |    509 |   2229 |   2 | 1617.0 |
               +--------+--------+--------+--------+--------+-----+--------+

Top non-repeatable levels by time:
     D:1: 2053 daAuts
     D:2: 1180 daAuts
